Celery, neutral female gnomish Tourist ------------ |..........| |........... ---------- | ---.-.------# |........-- |...... ############ |.........| | qf# # |......)..| G # |.........| q# # --......... # -----.---- # ## ### # -+-+--- # ### +.....-############ # |.....| # ##### |.....| ###--.----- ------- #..>....| |.|....| |......| ---.-+-- Celery the Sightseer Experience level: 4 Strength: 15 Dexterity: 10 Constitution: 16 Intelligence: 15 Wisdom: 10 Charisma: 15 Health: 0(29) Energy: 14(14) Def: 2 Gold: 1157 Moves: 2307 Dungeon seed: k9cqMCPxkkyZyT_s Game ID: Celery_1467820821 Your Inventory: Coins $ - 1157 gold pieces Weapons a - 46 uncursed +2 darts (in quiver) q - an uncursed +2 aklys (weapon in hand) Armor e - an uncursed +0 Hawaiian shirt (being worn) N - an uncursed +0 elven cloak (being worn) Y - an uncursed +0 orcish helm (being worn) Comestibles h - an uncursed carrot i - 3 uncursed food rations j - an uncursed clove of garlic E - 2 uncursed eucalyptus leaves Scrolls f - a blessed scroll of teleportation g - an uncursed scroll of scare monster l - 5 uncursed scrolls of magic mapping s - an uncursed scroll of water u - an uncursed scroll of remove curse G - an uncursed scroll of scare monster J - an uncursed scroll of stinking cloud Z - an uncursed scroll of punishment Spellbooks w - an uncursed spellbook of magic missile Potions v - 2 uncursed potions of booze Wands o - an uncursed wand of secret door detection (0:5) O - an uncursed wand of polymorph (0:5) Q - an uncursed wand of polymorph (0:6) S - an uncursed wand of teleportation (0:3) T - an uncursed wand of make invisible (0:7) U - an uncursed wand of light (0:14) Tools c - an uncursed stethoscope m - an uncursed expensive camera (0:53) n - an uncursed credit card p - an uncursed tin opener (alternate weapon; not wielded) Gems r - an uncursed worthless piece of black glass y - an uncursed jade stone z - an uncursed worthless piece of green glass Spells and supernatural/magical abilities: Name Level Category Fail Memory m - magic missile 2 attack 94% 94% W - pray for help -- divine ? -- Your skills at the end: Miscellaneous Skills wands [Basic] Weapon Skills club [Basic] dart [Basic] Spellcasting Skills Final Attributes: You were devoutly aligned. You had infravision. You were stealthy. You are dead. Vanquished creatures: 2 floating eyes a kitten 2 rothes a giant bat a hobbit an acid blob 3 geckos a brown mold a green mold a gnome zombie 4 jackals 5 newts 2 goblins 3 grid bugs 2 lichens a kobold zombie 31 creatures vanquished. Voluntary challenges: You were vegetarian. You did not adorn yourself with jewelry or accessories. You were an atheist. You used a wielded weapon 8 times, starting on turn 936. You did not apply a unicorn horn. You read items or engraved 10 times, starting on turn 1017. You never genocided any monsters. You never polymorphed an object. You never changed form. You used no wishes. You never split a pudding. You never wrote Elbereth's name. You never violated your personal moral code. Dungeon overview: The Dungeons of Doom: levels 1 to 5 Level 1 some fountains a long staircase Level 2 a long staircase Level 3 a wand shop, a fountain, a sink Level 4 Level 5 <- You were here History has recorded: On T:1 you entered the Dungeons of Doom to retrieve the Amulet of Yendor! On T:388 you reached level 2 of The Dungeons of Doom. On T:601 you advanced to experience level 2. On T:1104 you reached level 3 of The Dungeons of Doom. On T:1639 you advanced to experience level 3. On T:1906 you reached level 4 of The Dungeons of Doom. On T:2208 you reached level 5 of The Dungeons of Doom. On T:2298 you advanced to experience level 4. Score breakdown: Gold: 625 ( 62 points) Experience: 4 levels ( 300 points) Exploration: 5 levels ( 120 points) Discoveries: 5 items ( 250 points) Variety of kills: 16 monsters ( 800 points) Major goal: (nothing yet) ( 0 points) Survival: died (score multiplied by 3) Total score: 4596 Latest messages: Welcome to experience level 4. The dart hits the rothe. Taco eats a rothe corpse. You hit the rothe. The rothe claws you! The rothe bites! (2x) You kill the rothe! Taco drops 4 uncursed +2 darts. Taco eats a rothe corpse. a - an uncursed +2 dart (in quiver). You kill the giant bat! Taco eats a giant bat corpse. a - an uncursed +2 dart (in quiver). Taco picks up 4 uncursed +2 darts. The dart hits the rothe. The dart hits the rothe. The rothe claws you! The rothe bites! (2x) The rothe claws you! The rothe bites! You die... Final status: Aloha Celery the Tourist, killed by a rothe... You died in The Dungeons of Doom on dungeon level 5 with 4596 points, and 1157 pieces of gold, after 2307 moves. You were level 4 with a maximum of 29 hit points when you died.